Nordiques vs Avalanche
Created - December 7, 2017 at 19:05
Goals
|
| Nordiques |
0 |
0 |
2 |
2 |
| Avalanche |
1 |
1 |
2 |
4 |
|
Shots
|
| Nordiques |
6 |
10 |
19 |
35 |
| Avalanche |
7 |
8 |
17 |
32 |
|
1st period
1. Avalanche , Mike Comrie 6 (Marc Staal 11) at 17:24
Penalties :
Cory Emmerton (Col) for Hooking (Minor) at 1:57, T.J. Fast (Que) for Hooking (Minor) at 7:34
2nd period
2. Avalanche , Corey Perry 7 (Mikkel Boedker 16, Bryan Little 18) at 8:30
Penalties :
No Penalty
3rd period
3. Avalanche , Mikkel Boedker 13 (Corey Perry 14) at 2:49
4. Nordiques , Fedor Tyutin 4 (Michael Ryder 3, Rich Peverley 5) at 6:54
5. Nordiques , Fedor Tyutin 5 (Ryan Ellis 14, Julien Ellis) at 7:30 (PP)
6. Avalanche , Ryan Smyth 5 (Marc Staal 12) at 11:10
Penalties :
Jay Bouwmeester (Col) for Hooking (Minor) at 7:00, Pernell Karl Subban (Col) for Roughing (Minor) at 19:25
Goalie Stats
Julien Ellis (Que), 28 saves from 32 shots - (0.875), L, 8-6-2, 60:00 minutes
Semyon Varlamov (Col), 33 saves from 35 shots - (0.943), W, 13-5-3, 60:00 minutes
Players Stats for Nordiques
Player Name G A P +/- PIM S H SB GA TA FO MP PP MP PK MP
------------------------------------------------------------------------------------
Chris Drury 0 0 0 0 0 0 0 0 0 0 0/1 3:33 0:42 0:36
Daniel Briere 0 0 0 -1 0 5 3 2 0 0 21/47 27:03 2:21 0:55
Dmitry Kulikov 0 0 0 0 0 0 1 2 0 2 0/0 12:53 0:00 0:00
Dustin Byfuglien 0 0 0 0 0 1 2 1 0 1 0/0 19:16 0:39 1:09
Fedor Tyutin 2 0 2 -3 0 2 2 4 0 1 0/0 27:51 2:24 0:50
Jean-Pierre Dumont 0 0 0 -1 0 0 3 0 0 0 0/0 13:01 0:00 0:00
Kyle Calder 0 0 0 -1 0 1 1 0 1 1 0/0 13:30 0:00 0:28
Marek Svatos 0 0 0 -1 0 7 1 0 1 0 2/2 20:20 2:05 0:55
Mark Eaton 0 0 0 0 0 0 1 0 0 0 0/0 19:16 0:39 1:09
Matt Moulson 0 0 0 -1 0 3 2 1 2 0 0/0 18:18 0:58 0:00
Michael Ryder 0 1 1 -1 0 1 0 1 0 0 0/0 10:26 0:00 0:00
Nikolai Kulemin 0 0 0 -1 0 1 0 1 0 0 0/0 10:26 0:00 0:00
Paul Gaustad 0 0 0 -1 0 1 0 0 0 0 3/7 14:23 0:00 0:28
R.J. Umberger 0 0 0 0 0 0 1 2 0 0 1/1 16:15 2:05 0:00
Rich Peverley 0 1 1 -1 0 5 0 1 0 0 0/3 10:26 0:00 0:00
Ryan Ellis 0 1 1 -3 0 6 1 1 1 1 0/0 27:51 2:24 0:50
T.J. Fast 0 0 0 0 2 1 1 0 0 1 0/0 12:53 0:00 0:00
Vladimir Tarasenko 0 0 0 0 0 1 2 0 0 1 2/5 20:19 0:58 0:36
Players Stats for Avalanche
Player Name G A P +/- PIM S H SB GA TA FO MP PP MP PK MP
------------------------------------------------------------------------------------
Alexander Radulov 0 0 0 0 0 0 2 0 2 0 0/0 14:14 0:51 0:00
Andrei Kostitsyn 0 0 0 -1 0 0 2 0 1 0 0/0 13:53 0:51 0:00
Andrew Ladd 0 0 0 0 0 2 1 1 0 0 2/6 16:05 0:08 2:13
Brandon Yip 0 0 0 -1 0 0 0 1 0 0 0/0 13:25 0:03 0:00
Bryan Little 0 1 1 2 0 5 1 1 0 0 17/28 19:40 1:03 0:00
Chuck Kobasew 0 0 0 2 0 2 1 0 0 0 0/0 11:47 0:00 2:13
Corey Perry 1 1 2 2 0 2 0 2 0 0 1/1 19:40 1:02 0:00
Cory Emmerton 0 0 0 -1 2 3 3 0 0 0 5/8 13:22 0:00 0:00
Jack Johnson 0 0 0 1 0 2 1 3 0 1 0/0 22:06 0:58 2:06
Jay Bouwmeester 0 0 0 1 2 1 2 1 0 0 0/0 20:42 0:56 0:57
Johnny Boychuk 0 0 0 0 0 1 2 1 0 1 0/0 17:01 0:05 0:00
Marc Staal 0 2 2 2 0 1 0 2 1 0 0/0 22:28 1:03 2:06
Matt Lashoff 0 0 0 0 0 0 0 0 1 1 0/0 16:41 0:00 0:05
Mike Comrie 1 0 1 2 0 3 2 0 0 0 2/4 10:25 0:00 0:50
Mikkel Boedker 1 1 2 2 0 6 0 1 2 2 0/2 19:40 1:03 0:00
Paul Stastny 0 0 0 0 0 1 0 1 0 0 10/17 14:14 0:51 0:00
Pernell Karl Subban 0 0 0 2 2 0 1 0 1 0 0/0 21:00 0:56 0:52
Ryan Smyth 1 0 1 2 0 3 0 0 0 0 0/0 10:31 0:05 0:50
3 Stars
1 - Corey Perry (Col)
2 - Mikkel Boedker (Col)
3 - Mike Comrie (Col)
Power Play
Nordiques - 1 on 3 Attempt(s) - 33.33%
Avalanche - 0 on 1 Attempt(s) - 0.00%
Penalty Kill
Nordiques - 1 on 1 Attempt(s) - 100.00%
- Score 0 goal in Penalty Kill
Avalanche - 2 on 3 Attempt(s) - 66.67%
- Score 0 goal in Penalty Kill
Team Stat
Nordiques - Hits : 21 - Faceoff Wins : 29 - Blocked Shots : 16 - Penalty Minutes : 2
Avalanche - Hits : 18 - Faceoff Wins : 37 - Blocked Shots : 14 - Penalty Minutes : 6
Official
Referees : Pochmara Brian and Kimmerly Greg
Linesman : Pierre Racicot and Darren Gibbs
Game Notes
Chris Drury is injured at 12:36 of 1st period (Groin)
Finance
Level 1 -- Attendance: 6000 (100.00%) -- Ticket Income $534,000
Level 2 -- Attendance: 4847 (96.94%) -- Ticket Income $266,585
Level 3 -- Attendance: 1922 (96.10%) -- Ticket Income $63,426
Level 4 -- Attendance: 3824 (95.60%) -- Ticket Income $87,952
Luxury Box -- Attendance: 830 (83.00%) -- Ticket Income $142,760
Game was played at the Pepsi Center.
Total Attendance: 17423 (96.79%)
Total Ticket Income: $1,094,723
Other Income: $164,208
Total Income: $1,258,931
Nordiques
5 vs 5 Forward
Center Left Wing Right Wing Time % Phy DF OF
1 Daniel Briere R.J. Umberger Vladimir Tarasenko 40 0 2 3
2 Chris Drury Matt Moulson Marek Svatos 30 0 2 3
3 Paul Gaustad Kyle Calder Jean-Pierre Dumont 20 0 3 2
4 Rich Peverley Nikolai Kulemin Michael Ryder 10 0 2 3
5 vs 5 Defense
Defense Defense Time % Phy DF OF
1 Fedor Tyutin Ryan Ellis 40 0 4 1
2 Mark Eaton Dustin Byfuglien 30 0 4 1
3 T.J. Fast Dmitry Kulikov 20 0 4 1
4 Fedor Tyutin Ryan Ellis 10 0 4 1
PowerPlay Forward
Center Left Wing Right Wing Time % Phy DF OF
1 Daniel Briere R.J. Umberger Marek Svatos 60 0 0 5
2 Chris Drury Matt Moulson Vladimir Tarasenko 40 0 0 5
PowerPlay Defense
Defense Defense Time % Phy DF OF
1 Fedor Tyutin Ryan Ellis 60 0 2 3
2 Mark Eaton Dustin Byfuglien 40 0 2 3
Penalty Kill 4 Players Forward
Center Wing Time % Phy DF OF
1 Marek Svatos Daniel Briere 60 0 3 2
2 Chris Drury Vladimir Tarasenko 40 0 3 2
Penalty Kill 4 Players Defense
Defense Defense Time % Phy DF OF
1 Fedor Tyutin Ryan Ellis 60 0 5 0
2 Mark Eaton Dustin Byfuglien 40 0 5 0
Penalty Kill - 3 Players Forward
Forward Time % Phy DF OF
1 Marek Svatos 60 0 4 1
2 Daniel Briere 40 0 4 1
Penalty Kill - 3 Players Defense
Defense Defense Time % Phy DF OF
1 Fedor Tyutin Ryan Ellis 60 0 5 0
2 Mark Eaton Dustin Byfuglien 40 0 5 0
4 vs 4 Forward
Center Wing Time % Phy DF OF
1 Marek Svatos Daniel Briere 60 0 2 3
2 Chris Drury Vladimir Tarasenko 40 0 1 4
4 vs 4 Defense
Defense Defense Time % Phy DF OF
1 Fedor Tyutin Ryan Ellis 60 0 3 2
2 Mark Eaton Dustin Byfuglien 40 0 3 2
Last Minutes Offensive
Center Left Wing Right Wing Defense Defense
Daniel Briere R.J. Umberger Marek Svatos Fedor Tyutin Ryan Ellis
Last Minutes Defensive
Center Left Wing Right Wing Defense Defense
Daniel Briere R.J. Umberger Marek Svatos Mark Eaton T.J. Fast
Goaltenders
Starting : Julien Ellis
Backup : Tyler Weiman
Extra Forwards
Normal : Daniel Briere, Vladimir Tarasenko, Chris Drury - PP : Vladimir Tarasenko, Daniel Briere - PK : Paul Gaustad
Extra Defensemen
Normal : Dustin Byfuglien, Dmitry Kulikov, Ryan Ellis - PP : Dustin Byfuglien - PK : Ryan Ellis, Mark Eaton
Penalty Shots
Marek Svatos, Daniel Briere, Chris Drury, Vladimir Tarasenko, R.J. Umberger
Scratches
Bruno Gervais (Healthy), Chris Drury (Groin Injury), Milan Bartovic (Healthy)
Avalanche
5 vs 5 Forward
Center Left Wing Right Wing Time % Phy DF OF
1 Bryan Little Mikkel Boedker Corey Perry 35 1 2 2
2 Cory Emmerton Andrei Kostitsyn Brandon Yip 25 1 2 2
3 Paul Stastny Andrew Ladd Alexander Radulov 25 1 2 2
4 Mike Comrie Ryan Smyth Chuck Kobasew 15 1 2 2
5 vs 5 Defense
Defense Defense Time % Phy DF OF
1 Jack Johnson Jay Bouwmeester 35 1 2 2
2 Marc Staal Pernell Karl Subban 35 1 2 2
3 Johnny Boychuk Matt Lashoff 30 1 2 2
4 Jack Johnson Marc Staal 0 1 2 2
PowerPlay Forward
Center Left Wing Right Wing Time % Phy DF OF
1 Bryan Little Mikkel Boedker Corey Perry 60 1 2 2
2 Paul Stastny Andrei Kostitsyn Alexander Radulov 40 1 2 2
PowerPlay Defense
Defense Defense Time % Phy DF OF
1 Jack Johnson Marc Staal 60 1 2 2
2 Pernell Karl Subban Jay Bouwmeester 40 1 2 2
Penalty Kill 4 Players Forward
Center Wing Time % Phy DF OF
1 Andrew Ladd Chuck Kobasew 60 1 2 2
2 Mike Comrie Ryan Smyth 40 1 2 2
Penalty Kill 4 Players Defense
Defense Defense Time % Phy DF OF
1 Jack Johnson Marc Staal 60 1 2 2
2 Pernell Karl Subban Jay Bouwmeester 40 1 2 2
Penalty Kill - 3 Players Forward
Forward Time % Phy DF OF
1 Chuck Kobasew 60 1 2 2
2 Mike Comrie 40 1 2 2
Penalty Kill - 3 Players Defense
Defense Defense Time % Phy DF OF
1 Jack Johnson Marc Staal 60 1 2 2
2 Pernell Karl Subban Jay Bouwmeester 40 1 2 2
4 vs 4 Forward
Center Wing Time % Phy DF OF
1 Bryan Little Mikkel Boedker 60 1 2 2
2 Corey Perry Andrei Kostitsyn 40 1 2 2
4 vs 4 Defense
Defense Defense Time % Phy DF OF
1 Jack Johnson Marc Staal 60 1 2 2
2 Pernell Karl Subban Jay Bouwmeester 40 1 2 2
Last Minutes Offensive
Center Left Wing Right Wing Defense Defense
Bryan Little Mikkel Boedker Corey Perry Jack Johnson Jay Bouwmeester
Last Minutes Defensive
Center Left Wing Right Wing Defense Defense
Bryan Little Andrew Ladd Chuck Kobasew Marc Staal Pernell Karl Subban
Goaltenders
Starting : Semyon Varlamov
Backup : Dan Ellis
Extra Forwards
Normal : Andrew Ladd, Alexander Radulov, Cory Emmerton - PP : Andrew Ladd, Alexander Radulov - PK : Cory Emmerton
Extra Defensemen
Normal : Johnny Boychuk, Matt Lashoff, Pernell Karl Subban - PP : Johnny Boychuk - PK : Matt Lashoff, Pernell Karl Subban
Penalty Shots
Bryan Little, Mikkel Boedker, Corey Perry, Andrei Kostitsyn, Paul Stastny
Scratches
Mark Giordano (Sports Hernia Injury)
% Time on Ice - Nordiques
Lines # - Real PCT - Wanted PCT - Time Play
Normal Forward
1 - 26% - 40% - 14:11
2 - 32% - 30% - 17:27
3 - 23% - 20% - 12:54
4 - 19% - 10% - 10:26
Normal Defense
1 - 38% - 40% - 21:02
2 - 32% - 30% - 17:28
3 - 23% - 20% - 12:53
4 - 7% - 10% - 3:35
PP Forward
1 - 68% - 60% - 2:05
2 - 32% - 40% - 0:58
PP Defense
1 - 79% - 60% - 2:24
2 - 21% - 40% - 0:39
PK Forward
1 - 70% - 60% - 1:23
2 - 30% - 40% - 0:36
PK Defense
1 - 42% - 60% - 0:50
2 - 58% - 40% - 1:09
PK3 Forward
1 - 0% - 60%
2 - 0% - 40%
PK3 Defense
1 - 0% - 60%
2 - 0% - 40%
44 Forward
1 - 0% - 60%
2 - 0% - 40%
44 Defense
1 - 0% - 60%
2 - 0% - 40%
Last Minute Offensive - 0:00
Last Minute Defensive - 0:00
Total
Forward - 60:00
Defense - 60:00
|
% Time on Ice - Avalanche
Lines # - Real PCT - Wanted PCT - Time Play
Normal Forward
1 - 34% - 35% - 18:38
2 - 24% - 25% - 13:23
3 - 24% - 25% - 13:23
4 - 17% - 15% - 9:34
Normal Defense
1 - 35% - 35% - 19:22
2 - 35% - 35% - 19:13
3 - 30% - 30% - 16:23
4 - 0% - 0% - 0:00
PP Forward
1 - 57% - 60% - 1:08
2 - 43% - 40% - 0:51
PP Defense
1 - 53% - 60% - 1:03
2 - 47% - 40% - 0:56
PK Forward
1 - 73% - 60% - 2:13
2 - 27% - 40% - 0:50
PK Defense
1 - 69% - 60% - 2:06
2 - 31% - 40% - 0:57
PK3 Forward
1 - 0% - 60%
2 - 0% - 40%
PK3 Defense
1 - 0% - 60%
2 - 0% - 40%
44 Forward
1 - 0% - 60%
2 - 0% - 40%
44 Defense
1 - 0% - 60%
2 - 0% - 40%
Last Minute Offensive - 0:00
Last Minute Defensive - 0:00
Total
Forward - 60:00
Defense - 60:00
|
Play by Play
1st period
0:01 of 1st period - Bryan Little wins face-off versus Daniel Briere in neutral zone.
0:26 of 1st period - Cory Emmerton is hit by Marek Svatos and loses puck.
0:51 of 1st period - Snap shot by Paul Stastny.
0:51 of 1st period - Shot Misses the Net.
1:34 of 1st period - Wrist shot by Bryan Little.
1:34 of 1st period - Shot Misses the Net.
1:57 of 1st period - Minor Penalty to Cory Emmerton for Hooking.
1:58 of 1st period - Daniel Briere wins face-off versus Andrew Ladd in Avalanche zone.
2:00 of 1st period - Snap shot by R.J. Umberger.
2:00 of 1st period - Shot Blocked by Jack Johnson.
2:02 of 1st period - Slapshot by R.J. Umberger.
2:02 of 1st period - Deflect By Marek Svatos.
2:02 of 1st period - Stopped by Semyon Varlamov with a rebound.
2:04 of 1st period - Wrist shot by R.J. Umberger.
2:04 of 1st period - Deflect By Marek Svatos.
2:04 of 1st period - Shot Blocked by Jack Johnson.
2:04 of 1st period - Puck is out of play.
2:05 of 1st period - Andrew Ladd wins face-off versus Daniel Briere in Avalanche zone.
2:34 of 1st period - Snap shot by Daniel Briere.
2:34 of 1st period - Shot Misses the Net.
2:36 of 1st period - Slapshot by Marek Svatos.
2:36 of 1st period - Stopped by Semyon Varlamov with a rebound.
2:52 of 1st period - Wrist shot by R.J. Umberger.
2:52 of 1st period - Shot Misses the Net.
2:58 of 1st period - Snap shot by Marek Svatos.
2:58 of 1st period - Stopped by Semyon Varlamov without a rebound.
2:59 of 1st period - Andrew Ladd wins face-off versus Chris Drury in Avalanche zone.
2:59 of 1st period - Andrew Ladd is hit by Vladimir Tarasenko.
3:13 of 1st period - Snap shot by Matt Moulson.
3:13 of 1st period - Stopped by Semyon Varlamov with a rebound.
3:21 of 1st period - Snap shot by Mike Comrie.
3:21 of 1st period - Stopped by Julien Ellis with a rebound.
3:57 of 1st period - Penalty to Cory Emmerton is over, Cory Emmerton is back on ice.
4:05 of 1st period - Slapshot by Johnny Boychuk.
4:05 of 1st period - Shot Misses the Net.
4:13 of 1st period - Slapshot by Fedor Tyutin.
4:13 of 1st period - Shot Misses the Net.
4:23 of 1st period - Nikolai Kulemin is hit by Cory Emmerton and loses puck.
4:43 of 1st period - Dmitry Kulikov is hit by Alexander Radulov and loses puck.
5:44 of 1st period - Mark Eaton is hit by Cory Emmerton and loses puck.
7:34 of 1st period - Minor Penalty to T.J. Fast for Hooking.
7:35 of 1st period - Marek Svatos wins face-off versus Bryan Little in Nordiques zone.
9:03 of 1st period - Jay Bouwmeester is hit by Fedor Tyutin.
9:34 of 1st period - Penalty to T.J. Fast is over, T.J. Fast is back on ice.
10:25 of 1st period - Snap shot by Marek Svatos.
10:25 of 1st period - Stopped by Semyon Varlamov with a rebound.
10:46 of 1st period - Jack Johnson is hit by Jean-Pierre Dumont and loses puck.
10:51 of 1st period - Slapshot by Kyle Calder.
10:51 of 1st period - Shot Misses the Net.
11:05 of 1st period - Pernell Karl Subban is hit by Dmitry Kulikov and loses puck.
11:25 of 1st period - Snap shot by Chris Drury.
11:25 of 1st period - Shot Misses the Net.
11:41 of 1st period - Daniel Briere is hit by Andrei Kostitsyn.
11:45 of 1st period - Brandon Yip is hit by Daniel Briere and loses puck.
12:22 of 1st period - Marek Svatos is hit by Johnny Boychuk and loses puck.
12:35 of 1st period - Chris Drury is hit by Alexander Radulov.
12:36 of 1st period - Chris Drury from Nordiques is injured at 12:36 of 1st period (Groin).
12:37 of 1st period - Corey Perry wins face-off versus Daniel Briere in Nordiques zone.
12:48 of 1st period - Slapshot by Bryan Little.
12:48 of 1st period - Stopped by Julien Ellis without a rebound.
12:49 of 1st period - Bryan Little wins face-off versus Daniel Briere in Nordiques zone.
12:54 of 1st period - Slapshot by Bryan Little.
12:54 of 1st period - Shot Blocked by Fedor Tyutin.
12:56 of 1st period - Wrist shot by Corey Perry.
12:56 of 1st period - Shot Blocked by R.J. Umberger.
12:58 of 1st period - Snap shot by Mikkel Boedker.
12:58 of 1st period - Stopped by Julien Ellis with a rebound.
13:00 of 1st period - Slapshot by Marc Staal.
13:00 of 1st period - Shot Blocked by Ryan Ellis.
13:16 of 1st period - Daniel Briere is hit by Andrew Ladd and loses puck.
13:34 of 1st period - Slapshot by Mark Eaton.
13:34 of 1st period - Shot Misses the Net.
15:19 of 1st period - Wrist shot by Marek Svatos.
15:19 of 1st period - Stopped by Semyon Varlamov without a rebound.
15:20 of 1st period - Vladimir Tarasenko wins face-off versus Bryan Little in Avalanche zone.
15:42 of 1st period - Icing by Johnny Boychuk.
15:43 of 1st period - Paul Gaustad wins face-off versus Bryan Little in Avalanche zone.
15:50 of 1st period - Wrist shot by Vladimir Tarasenko.
15:50 of 1st period - Shot Misses the Net.
15:58 of 1st period - Wrist shot by Corey Perry.
15:58 of 1st period - Shot Blocked by Fedor Tyutin.
16:00 of 1st period - Wrist shot by Mikkel Boedker.
16:00 of 1st period - Shot Misses the Net.
16:02 of 1st period - Slapshot by Matt Lashoff.
16:02 of 1st period - Shot Misses the Net.
16:28 of 1st period - Snap shot by Bryan Little.
16:28 of 1st period - Stopped by Julien Ellis without a rebound.
16:29 of 1st period - Paul Stastny wins face-off versus Daniel Briere in Nordiques zone.
16:34 of 1st period - Wrist shot by Andrew Ladd.
16:34 of 1st period - Deflect By Paul Stastny.
16:34 of 1st period - Stopped by Julien Ellis without a rebound.
16:35 of 1st period - Paul Stastny wins face-off versus Daniel Briere in Nordiques zone.
16:46 of 1st period - Marc Staal is hit by Matt Moulson and loses puck.
17:19 of 1st period - Ryan Ellis is hit by Mike Comrie and loses puck.
17:24 of 1st period - Slapshot by Mike Comrie.
17:24 of 1st period - Goal by Mike Comrie - Nordiques : 0 - Avalanche : 1.
17:25 of 1st period - Daniel Briere wins face-off versus Bryan Little in neutral zone.
18:19 of 1st period - Snap shot by Matt Moulson.
18:19 of 1st period - Shot Misses the Net.
19:04 of 1st period - Snap shot by Mikkel Boedker.
19:04 of 1st period - Shot Misses the Net.
19:23 of 1st period - Off-side.
19:24 of 1st period - Bryan Little wins face-off versus Daniel Briere in neutral zone.
19:27 of 1st period - Wrist shot by Bryan Little.
19:27 of 1st period - Shot Misses the Net.
19:40 of 1st period - Snap shot by Mikkel Boedker.
19:40 of 1st period - Deflect By Bryan Little.
19:40 of 1st period - Stopped by Julien Ellis with a rebound.
Goals for this period are 0 for Nordiques vs 1 for Avalanche.
Shots for this period are 6 for Nordiques vs 7 for Avalanche.
2nd period
0:01 of 2nd period - R.J. Umberger wins face-off versus Paul Stastny in neutral zone.
0:41 of 2nd period - Daniel Briere is hit by Jack Johnson and loses puck.
0:56 of 2nd period - Wrist shot by Ryan Ellis.
0:56 of 2nd period - Shot Blocked by Mikkel Boedker.
0:58 of 2nd period - Snap shot by Paul Gaustad.
0:58 of 2nd period - Shot Blocked by Corey Perry.
1:00 of 2nd period - Backhand shot by Kyle Calder.
1:00 of 2nd period - Shot Misses the Net.
1:02 of 2nd period - Slapshot by Ryan Ellis.
1:02 of 2nd period - Stopped by Semyon Varlamov with a rebound.
1:22 of 2nd period - Slapshot by Jack Johnson.
1:22 of 2nd period - Shot Misses the Net.
1:50 of 2nd period - Backhand shot by Mark Eaton.
1:50 of 2nd period - Shot Blocked by Brandon Yip.
2:22 of 2nd period - Wrist shot by Corey Perry.
2:22 of 2nd period - Shot Hit the Post.
2:32 of 2nd period - Wrist shot by Chuck Kobasew.
2:32 of 2nd period - Shot Blocked by Dmitry Kulikov.
2:44 of 2nd period - Marc Staal is hit by Daniel Briere and loses puck.
2:53 of 2nd period - Paul Stastny is hit by Jean-Pierre Dumont and loses puck.
3:19 of 2nd period - Jack Johnson is hit by Vladimir Tarasenko and loses puck.
3:52 of 2nd period - Backhand shot by Ryan Smyth.
3:52 of 2nd period - Deflect By Mike Comrie.
3:52 of 2nd period - Stopped by Julien Ellis without a rebound.
3:53 of 2nd period - Paul Gaustad wins face-off versus Mike Comrie in Nordiques zone.
4:23 of 2nd period - Snap shot by Vladimir Tarasenko.
4:23 of 2nd period - Shot Blocked by Jay Bouwmeester.
4:25 of 2nd period - Slapshot by Mark Eaton.
4:25 of 2nd period - Shot Misses the Net.
4:27 of 2nd period - Snap shot by Daniel Briere.
4:27 of 2nd period - Stopped by Semyon Varlamov without a rebound.
4:28 of 2nd period - Daniel Briere wins face-off versus Bryan Little in Avalanche zone.
4:29 of 2nd period - Wrist shot by Marek Svatos.
4:29 of 2nd period - Shot Hit the Post.
4:37 of 2nd period - Slapshot by Marek Svatos.
4:37 of 2nd period - Stopped by Semyon Varlamov without a rebound.
4:38 of 2nd period - Bryan Little wins face-off versus Daniel Briere in Avalanche zone.
5:27 of 2nd period - Bryan Little is hit by Fedor Tyutin and loses puck.
5:41 of 2nd period - Wrist shot by Marek Svatos.
5:41 of 2nd period - Shot Misses the Net.
5:51 of 2nd period - Wrist shot by Jack Johnson.
5:51 of 2nd period - Stopped by Julien Ellis without a rebound.
5:52 of 2nd period - Cory Emmerton wins face-off versus Paul Gaustad in Nordiques zone.
6:19 of 2nd period - Matt Lashoff is hit by Dustin Byfuglien and loses puck.
6:26 of 2nd period - Snap shot by Rich Peverley.
6:26 of 2nd period - Stopped by Semyon Varlamov with a rebound.
6:28 of 2nd period - Snap shot by Nikolai Kulemin.
6:28 of 2nd period - Stopped by Semyon Varlamov without a rebound.
6:29 of 2nd period - Cory Emmerton wins face-off versus Rich Peverley in Avalanche zone.
6:29 of 2nd period - Cory Emmerton is hit by T.J. Fast.
7:29 of 2nd period - Icing by Chuck Kobasew.
7:30 of 2nd period - Mike Comrie wins face-off versus Paul Gaustad in Avalanche zone.
7:37 of 2nd period - Slapshot by Pernell Karl Subban.
7:37 of 2nd period - Shot Misses the Net.
8:16 of 2nd period - Snap shot by Bryan Little.
8:16 of 2nd period - Shot Misses the Net.
8:18 of 2nd period - Snap shot by Mikkel Boedker.
8:18 of 2nd period - Shot Blocked by Nikolai Kulemin.
8:22 of 2nd period - Snap shot by Bryan Little.
8:22 of 2nd period - Shot Blocked by Michael Ryder.
8:28 of 2nd period - Slapshot by Mikkel Boedker.
8:28 of 2nd period - Deflect By Rich Peverley.
8:28 of 2nd period - Stopped by Julien Ellis with a rebound.
8:30 of 2nd period - Slapshot by Corey Perry.
8:30 of 2nd period - Goal by Corey Perry - Nordiques : 0 - Avalanche : 2.
8:31 of 2nd period - Vladimir Tarasenko wins face-off versus Cory Emmerton in neutral zone.
8:38 of 2nd period - Snap shot by Vladimir Tarasenko.
8:38 of 2nd period - Shot Misses the Net.
9:00 of 2nd period - Wrist shot by Daniel Briere.
9:00 of 2nd period - Shot Misses the Net.
9:18 of 2nd period - Snap shot by Rich Peverley.
9:18 of 2nd period - Stopped by Semyon Varlamov with a rebound.
9:20 of 2nd period - Slapshot by Nikolai Kulemin.
9:20 of 2nd period - Shot Misses the Net.
9:22 of 2nd period - Wrist shot by Rich Peverley.
9:22 of 2nd period - Stopped by Semyon Varlamov with a rebound.
9:24 of 2nd period - Snap shot by Rich Peverley.
9:24 of 2nd period - Shot Misses the Net.
9:26 of 2nd period - Backhand shot by T.J. Fast.
9:26 of 2nd period - Shot Misses the Net.
9:46 of 2nd period - Brandon Yip is hit by Jean-Pierre Dumont and loses puck.
10:05 of 2nd period - Slapshot by Daniel Briere.
10:05 of 2nd period - Stopped by Semyon Varlamov with a rebound.
10:15 of 2nd period - Snap shot by Daniel Briere.
10:15 of 2nd period - Stopped by Semyon Varlamov without a rebound.
10:16 of 2nd period - Paul Stastny wins face-off versus Daniel Briere in Avalanche zone.
10:16 of 2nd period - Paul Stastny is hit by Daniel Briere.
11:14 of 2nd period - Mark Eaton is hit by Jay Bouwmeester and loses puck.
11:52 of 2nd period - Snap shot by Mike Comrie.
11:52 of 2nd period - Shot Blocked by R.J. Umberger.
12:11 of 2nd period - Snap shot by Dmitry Kulikov.
12:11 of 2nd period - Shot Blocked by Johnny Boychuk.
12:13 of 2nd period - Wrist shot by Paul Gaustad.
12:13 of 2nd period - Shot Blocked by Bryan Little.
12:15 of 2nd period - Slapshot by T.J. Fast.
12:15 of 2nd period - Deflect By Kyle Calder.
12:15 of 2nd period - Shot Misses the Net.
12:15 of 2nd period - Puck is out of play.
12:16 of 2nd period - Paul Stastny wins face-off versus Paul Gaustad in Avalanche zone.
12:24 of 2nd period - Icing by Ryan Ellis.
12:25 of 2nd period - Paul Gaustad wins face-off versus Paul Stastny in Nordiques zone.
12:40 of 2nd period - Snap shot by Andrew Ladd.
12:40 of 2nd period - Stopped by Julien Ellis without a rebound.
12:41 of 2nd period - Cory Emmerton wins face-off versus Daniel Briere in Nordiques zone.
14:05 of 2nd period - Ryan Smyth is hit by Dustin Byfuglien and loses puck.
14:28 of 2nd period - Slapshot by Paul Gaustad.
14:28 of 2nd period - Shot Misses the Net.
15:01 of 2nd period - Off-side.
15:02 of 2nd period - Daniel Briere wins face-off versus Bryan Little in neutral zone.
15:12 of 2nd period - Off-side.
15:13 of 2nd period - Paul Stastny wins face-off versus Daniel Briere in neutral zone.
15:20 of 2nd period - Snap shot by Andrew Ladd.
15:20 of 2nd period - Shot Blocked by Daniel Briere.
15:53 of 2nd period - Ryan Ellis is hit by Pernell Karl Subban.
16:05 of 2nd period - Snap shot by Cory Emmerton.
16:05 of 2nd period - Shot Misses the Net.
16:07 of 2nd period - Snap shot by Cory Emmerton.
16:07 of 2nd period - Shot Misses the Net.
16:09 of 2nd period - Wrist shot by Jay Bouwmeester.
16:09 of 2nd period - Stopped by Julien Ellis with a rebound.
16:11 of 2nd period - Slapshot by Jack Johnson.
16:11 of 2nd period - Shot Blocked by Rich Peverley.
16:13 of 2nd period - Slapshot by Jay Bouwmeester.
16:13 of 2nd period - Shot Blocked by Fedor Tyutin.
17:07 of 2nd period - Wrist shot by Mikkel Boedker.
17:07 of 2nd period - Stopped by Julien Ellis with a rebound.
18:11 of 2nd period - Slapshot by Bryan Little.
18:11 of 2nd period - Shot Misses the Net.
18:27 of 2nd period - Ryan Ellis is hit by Mike Comrie and loses puck.
18:36 of 2nd period - Slapshot by Marc Staal.
18:36 of 2nd period - Stopped by Julien Ellis with a rebound.
18:38 of 2nd period - Slapshot by Marc Staal.
18:38 of 2nd period - Shot Blocked by Fedor Tyutin.
18:40 of 2nd period - Wrist shot by Mike Comrie.
18:40 of 2nd period - Deflect By Ryan Smyth.
18:40 of 2nd period - Shot Misses the Net.
18:40 of 2nd period - Puck is out of play.
18:41 of 2nd period - Paul Stastny wins face-off versus Vladimir Tarasenko in Nordiques zone.
18:52 of 2nd period - Snap shot by Vladimir Tarasenko.
18:52 of 2nd period - Shot Misses the Net.
18:54 of 2nd period - Slapshot by Dmitry Kulikov.
18:54 of 2nd period - Deflect By Marek Svatos.
18:54 of 2nd period - Stopped by Semyon Varlamov without a rebound.
18:55 of 2nd period - Bryan Little wins face-off versus Daniel Briere in Avalanche zone.
Goals for this period are 0 for Nordiques vs 1 for Avalanche.
Shots for this period are 10 for Nordiques vs 8 for Avalanche.
3rd period
0:01 of 3rd period - Daniel Briere wins face-off versus Bryan Little in neutral zone.
0:06 of 3rd period - Snap shot by Ryan Ellis.
0:06 of 3rd period - Stopped by Semyon Varlamov without a rebound.
0:07 of 3rd period - Daniel Briere wins face-off versus Mikkel Boedker in Avalanche zone.
0:10 of 3rd period - Wrist shot by Daniel Briere.
0:10 of 3rd period - Shot Misses the Net.
0:12 of 3rd period - Snap shot by Vladimir Tarasenko.
0:12 of 3rd period - Stopped by Semyon Varlamov without a rebound.
0:13 of 3rd period - Daniel Briere wins face-off versus Bryan Little in Avalanche zone.
0:14 of 3rd period - Snap shot by R.J. Umberger.
0:14 of 3rd period - Deflect By Mikkel Boedker.
0:14 of 3rd period - Shot Misses the Net.
0:14 of 3rd period - Puck is out of play.
0:15 of 3rd period - Daniel Briere wins face-off versus Bryan Little in Avalanche zone.
1:09 of 3rd period - Snap shot by Rich Peverley.
1:09 of 3rd period - Stopped by Semyon Varlamov without a rebound.
1:10 of 3rd period - Daniel Briere wins face-off versus Bryan Little in Avalanche zone.
1:37 of 3rd period - Mark Eaton is hit by Andrei Kostitsyn and loses puck.
1:50 of 3rd period - Snap shot by Andrei Kostitsyn.
1:50 of 3rd period - Shot Blocked by Daniel Briere.
2:23 of 3rd period - Slapshot by Ryan Smyth.
2:23 of 3rd period - Deflect By Chuck Kobasew.
2:23 of 3rd period - Stopped by Julien Ellis without a rebound.
2:24 of 3rd period - Mike Comrie wins face-off versus Rich Peverley in Nordiques zone.
2:27 of 3rd period - Snap shot by Chuck Kobasew.
2:27 of 3rd period - Deflect By Ryan Smyth.
2:27 of 3rd period - Stopped by Julien Ellis with a rebound.
2:33 of 3rd period - Snap shot by Ryan Smyth.
2:33 of 3rd period - Deflect By Chuck Kobasew.
2:33 of 3rd period - Shot Blocked by Dmitry Kulikov.
2:33 of 3rd period - Puck is out of play.
2:34 of 3rd period - Bryan Little wins face-off versus Daniel Briere in Nordiques zone.
2:39 of 3rd period - Snap shot by Bryan Little.
2:39 of 3rd period - Stopped by Julien Ellis with a rebound.
2:49 of 3rd period - Snap shot by Corey Perry.
2:49 of 3rd period - Deflect By Mikkel Boedker.
2:49 of 3rd period - Goal by Mikkel Boedker - Nordiques : 0 - Avalanche : 3.
2:50 of 3rd period - Bryan Little wins face-off versus Daniel Briere in neutral zone.
3:51 of 3rd period - Off-side.
3:52 of 3rd period - Bryan Little wins face-off versus Paul Gaustad in neutral zone.
3:55 of 3rd period - Slapshot by Jack Johnson.
3:55 of 3rd period - Stopped by Julien Ellis with a rebound.
4:24 of 3rd period - Wrist shot by Rich Peverley.
4:24 of 3rd period - Stopped by Semyon Varlamov without a rebound.
4:25 of 3rd period - Paul Stastny wins face-off versus Daniel Briere in Avalanche zone.
4:27 of 3rd period - Icing by Andrew Ladd.
4:28 of 3rd period - Paul Stastny wins face-off versus Daniel Briere in Avalanche zone.
4:39 of 3rd period - Snap shot by Andrew Ladd.
4:39 of 3rd period - Deflect By Paul Stastny.
4:39 of 3rd period - Shot Misses the Net.
4:39 of 3rd period - Puck is out of play.
4:40 of 3rd period - Daniel Briere wins face-off versus Paul Stastny in Nordiques zone.
5:29 of 3rd period - Dustin Byfuglien is hit by Cory Emmerton and loses puck.
5:40 of 3rd period - Backhand shot by Cory Emmerton.
5:40 of 3rd period - Stopped by Julien Ellis with a rebound.
6:08 of 3rd period - Daniel Briere is hit by Chuck Kobasew and loses puck.
6:43 of 3rd period - Pernell Karl Subban is hit by Ryan Ellis and loses puck.
6:52 of 3rd period - Wrist shot by Michael Ryder.
6:52 of 3rd period - Stopped by Semyon Varlamov with a rebound.
6:54 of 3rd period - Slapshot by Fedor Tyutin.
6:54 of 3rd period - Goal by Fedor Tyutin - Nordiques : 1 - Avalanche : 3.
6:55 of 3rd period - Daniel Briere wins face-off versus Mikkel Boedker in neutral zone.
6:58 of 3rd period - Slapshot by Fedor Tyutin.
6:58 of 3rd period - Shot Blocked by Jack Johnson.
7:00 of 3rd period - Minor Penalty to Jay Bouwmeester for Hooking.
7:01 of 3rd period - Daniel Briere wins face-off versus Andrew Ladd in Avalanche zone.
7:08 of 3rd period - Wrist shot by Marek Svatos.
7:08 of 3rd period - Shot Blocked by Marc Staal.
7:30 of 3rd period - Slapshot by Fedor Tyutin.
7:30 of 3rd period - Goal by Fedor Tyutin - Nordiques : 2 - Avalanche : 3.
7:31 of 3rd period - Daniel Briere wins face-off versus Paul Stastny in neutral zone.
8:00 of 3rd period - Wrist shot by Kyle Calder.
8:00 of 3rd period - Shot Blocked by Andrew Ladd.
8:02 of 3rd period - Snap shot by Mark Eaton.
8:02 of 3rd period - Shot Blocked by Paul Stastny.
8:14 of 3rd period - Wrist shot by Jack Johnson.
8:14 of 3rd period - Shot Blocked by Matt Moulson.
8:16 of 3rd period - Backhand shot by Andrew Ladd.
8:16 of 3rd period - Stopped by Julien Ellis without a rebound.
8:17 of 3rd period - Bryan Little wins face-off versus Daniel Briere in Nordiques zone.
8:28 of 3rd period - Slapshot by Ryan Ellis.
8:28 of 3rd period - Stopped by Semyon Varlamov without a rebound.
8:29 of 3rd period - Bryan Little wins face-off versus Daniel Briere in Avalanche zone.
8:54 of 3rd period - Cory Emmerton is hit by Kyle Calder and loses puck.
9:23 of 3rd period - Paul Stastny is hit by Mark Eaton and loses puck.
9:56 of 3rd period - Slapshot by Mikkel Boedker.
9:56 of 3rd period - Deflect By Bryan Little.
9:56 of 3rd period - Stopped by Julien Ellis with a rebound.
10:19 of 3rd period - Snap shot by Cory Emmerton.
10:19 of 3rd period - Stopped by Julien Ellis with a rebound.
11:10 of 3rd period - Wrist shot by Ryan Smyth.
11:10 of 3rd period - Goal by Ryan Smyth - Nordiques : 2 - Avalanche : 4.
11:11 of 3rd period - Bryan Little wins face-off versus Daniel Briere in neutral zone.
11:16 of 3rd period - Slapshot by Jack Johnson.
11:16 of 3rd period - Deflect By Bryan Little.
11:16 of 3rd period - Shot Misses the Net.
11:16 of 3rd period - Puck is out of play.
11:17 of 3rd period - Bryan Little wins face-off versus Daniel Briere in Nordiques zone.
11:33 of 3rd period - Snap shot by Daniel Briere.
11:33 of 3rd period - Shot Blocked by Corey Perry.
11:43 of 3rd period - Snap shot by Cory Emmerton.
11:43 of 3rd period - Stopped by Julien Ellis without a rebound.
11:44 of 3rd period - Daniel Briere wins face-off versus Cory Emmerton in Nordiques zone.
11:53 of 3rd period - Snap shot by Matt Moulson.
11:53 of 3rd period - Deflect By Marek Svatos.
11:53 of 3rd period - Shot Misses the Net.
11:53 of 3rd period - Puck is out of play.
11:54 of 3rd period - Daniel Briere wins face-off versus Bryan Little in Avalanche zone.
12:01 of 3rd period - Slapshot by Matt Moulson.
12:01 of 3rd period - Stopped by Semyon Varlamov without a rebound.
12:02 of 3rd period - Bryan Little wins face-off versus Daniel Briere in Avalanche zone.
12:07 of 3rd period - Snap shot by Marek Svatos.
12:07 of 3rd period - Shot Misses the Net.
12:09 of 3rd period - Wrist shot by Ryan Ellis.
12:09 of 3rd period - Stopped by Semyon Varlamov without a rebound.
12:10 of 3rd period - Bryan Little wins face-off versus Daniel Briere in Avalanche zone.
12:15 of 3rd period - Vladimir Tarasenko is hit by Bryan Little and loses puck.
13:04 of 3rd period - Icing by Fedor Tyutin.
13:05 of 3rd period - Bryan Little wins face-off versus Rich Peverley in Nordiques zone.
13:08 of 3rd period - Snap shot by Mikkel Boedker.
13:08 of 3rd period - Stopped by Julien Ellis with a rebound.
13:10 of 3rd period - Wrist shot by Mikkel Boedker.
13:10 of 3rd period - Stopped by Julien Ellis without a rebound.
13:11 of 3rd period - Bryan Little wins face-off versus Daniel Briere in Nordiques zone.
13:12 of 3rd period - Slapshot by Corey Perry.
13:12 of 3rd period - Shot Blocked by Dustin Byfuglien.
13:14 of 3rd period - Snap shot by Johnny Boychuk.
13:14 of 3rd period - Stopped by Julien Ellis without a rebound.
13:15 of 3rd period - Bryan Little wins face-off versus Vladimir Tarasenko in Nordiques zone.
13:28 of 3rd period - Wrist shot by Corey Perry.
13:28 of 3rd period - Stopped by Julien Ellis without a rebound.
13:29 of 3rd period - Daniel Briere wins face-off versus Cory Emmerton in Nordiques zone.
13:38 of 3rd period - Wrist shot by Vladimir Tarasenko.
13:38 of 3rd period - Deflect By Daniel Briere.
13:38 of 3rd period - Stopped by Semyon Varlamov without a rebound.
13:39 of 3rd period - Cory Emmerton wins face-off versus Daniel Briere in Avalanche zone.
13:49 of 3rd period - Snap shot by R.J. Umberger.
13:49 of 3rd period - Shot Misses the Net.
13:51 of 3rd period - Slapshot by Ryan Ellis.
13:51 of 3rd period - Stopped by Semyon Varlamov with a rebound.
13:53 of 3rd period - Slapshot by Ryan Ellis.
13:53 of 3rd period - Stopped by Semyon Varlamov without a rebound.
13:54 of 3rd period - Paul Stastny wins face-off versus Daniel Briere in Avalanche zone.
15:02 of 3rd period - Wrist shot by Kyle Calder.
15:02 of 3rd period - Stopped by Semyon Varlamov with a rebound.
15:04 of 3rd period - Slapshot by Dustin Byfuglien.
15:04 of 3rd period - Stopped by Semyon Varlamov without a rebound.
15:05 of 3rd period - Daniel Briere wins face-off versus Paul Stastny in Avalanche zone.
15:18 of 3rd period - Slapshot by Vladimir Tarasenko.
15:18 of 3rd period - Deflect By Daniel Briere.
15:18 of 3rd period - Stopped by Semyon Varlamov with a rebound.
15:42 of 3rd period - Slapshot by Paul Gaustad.
15:42 of 3rd period - Stopped by Semyon Varlamov with a rebound.
16:53 of 3rd period - Snap shot by Chuck Kobasew.
16:53 of 3rd period - Stopped by Julien Ellis without a rebound.
16:54 of 3rd period - Marek Svatos wins face-off versus Mike Comrie in Nordiques zone.
17:06 of 3rd period - Dmitry Kulikov is hit by Johnny Boychuk and loses puck.
17:13 of 3rd period - Wrist shot by Ryan Smyth.
17:13 of 3rd period - Shot Misses the Net.
17:25 of 3rd period - Wrist shot by Mike Comrie.
17:25 of 3rd period - Shot Misses the Net.
17:27 of 3rd period - Snap shot by Ryan Smyth.
17:27 of 3rd period - Stopped by Julien Ellis without a rebound.
17:28 of 3rd period - Daniel Briere wins face-off versus Paul Stastny in Nordiques zone.
17:33 of 3rd period - Jack Johnson is hit by Matt Moulson and loses puck.
17:46 of 3rd period - Snap shot by Corey Perry.
17:46 of 3rd period - Shot Misses the Net.
18:03 of 3rd period - Snap shot by Matt Moulson.
18:03 of 3rd period - Deflect By Marek Svatos.
18:03 of 3rd period - Shot Misses the Net.
18:03 of 3rd period - Puck is out of play.
18:04 of 3rd period - Cory Emmerton wins face-off versus Vladimir Tarasenko in Avalanche zone.
18:53 of 3rd period - Vladimir Tarasenko is hit by Jay Bouwmeester and loses puck.
19:16 of 3rd period - Wrist shot by Matt Moulson.
19:16 of 3rd period - Stopped by Semyon Varlamov with a rebound.
19:18 of 3rd period - Wrist shot by T.J. Fast.
19:18 of 3rd period - Stopped by Semyon Varlamov without a rebound.
19:19 of 3rd period - Daniel Briere wins face-off versus Paul Stastny in Avalanche zone.
19:22 of 3rd period - Snap shot by Ryan Ellis.
19:22 of 3rd period - Deflect By Daniel Briere.
19:22 of 3rd period - Shot Misses the Net.
19:22 of 3rd period - Puck is out of play.
19:23 of 3rd period - Paul Stastny wins face-off versus Daniel Briere in Avalanche zone.
19:25 of 3rd period - Minor Penalty to Pernell Karl Subban for Roughing.
19:26 of 3rd period - Daniel Briere wins face-off versus Andrew Ladd in Avalanche zone.
19:34 of 3rd period - Snap shot by Daniel Briere.
19:34 of 3rd period - Shot Blocked by Marc Staal.
19:44 of 3rd period - Andrew Ladd is hit by R.J. Umberger and loses puck.
19:54 of 3rd period - Icing by Daniel Briere.
19:55 of 3rd period - Daniel Briere wins face-off versus Andrew Ladd in Nordiques zone.
Goals for this period are 2 for Nordiques vs 2 for Avalanche.
Shots for this period are 19 for Nordiques vs 17 for Avalanche.
Back to the Top